[Event "45th FIDE Womens Olympiad 2024"]
[Site "Budapest"]
[Date "2024.09.19"]
[Round "8.214"]
[White "Sukhu, Gloria"]
[Black "Shibata, Misaki"]
[Result "0-1"]
[ECO "C00"]
[WhiteElo "1634"]
[BlackElo "1847"]
[PlyCount "58"]
[EventDate "2024.09.05"]
[EventType "team-tourn"]
[EventCountry "HUN"]
[WhiteTeam "Fiji"]
[BlackTeam "Japan"]
[WhiteTeamCountry "FIJ"]
[BlackTeamCountry "JPN"]
[TimeControl "40/5400+30:1800+30"]

1. e4 e6 2. c4 d5 3. cxd5 exd5 4. e5 c5 5. Nf3 Nc6 6. d4 cxd4 7. Bb5 Qa5+ 8. Nc3 dxc3 9. Bxc6+ bxc6 10. b3 c2+ 11. Qd2 Bb4 12. O-O Bxd2 13. Bxd2 Qc7 14. Rac1 Ne7 15. Rxc2 O-O 16. Re1 Bb7 17. Nd4 Qd7 18. Bb4 Rfe8 19. e6 fxe6 20. Nxe6 Ng6 21. Nc5 Rxe1+ 22. Bxe1 Qf7 23. Nxb7 Qxb7 24. g3 d4 25. Rc5 Qb6 26. b4 Re8 27. Bd2 Re2 28. Rc2 d3 29. Rb2 Qxf2+ {0-} 0-1

[Event "45th FIDE Womens Olympiad 2024"]
[Site "Budapest"]
[Date "2024.09.19"]
[Round "8.215"]
[White "Mitsuyama, Rikka"]
[Black "Prasad, Tanvi"]
[Result "1-0"]
[ECO "B00"]
[WhiteElo "1738"]
[BlackElo "1564"]
[PlyCount "39"]
[EventDate "2024.09.05"]
[EventType "team-tourn"]
[EventCountry "HUN"]
[WhiteTeam "Japan"]
[BlackTeam "Fiji"]
[WhiteTeamCountry "JPN"]
[BlackTeamCountry "FIJ"]
[TimeControl "40/5400+30:1800+30"]

1. d4 b6 2. e4 Bb7 3. Bd3 e6 4. Nf3 Nf6 5. e5 Nd5 6. a3 c5 7. Be4 Qc7 8. c4 Ne7 9. Nc3 Bxe4 10. Nxe4 Ng6 11. O-O cxd4 12. Nxd4 Qxe5 13. Re1 Qc7 14. Qf3 Nc6 15. Ng5 Nge5 16. Rxe5 Qxe5 17. Qxf7+ Kd8 18. Nxc6+ dxc6 19. Nxe6+ Kc8 20. Bf4 1-0

[Event "45th FIDE Womens Olympiad 2024"]
[Site "Budapest"]
[Date "2024.09.19"]
[Round "8.216"]
[White "Sukhu, Makayla"]
[Black "Takayasu, Melody"]
[Result "0-1"]
[ECO "A48"]
[WhiteElo "1521"]
[BlackElo "1768"]
[PlyCount "136"]
[EventDate "2024.09.05"]
[EventType "team-tourn"]
[EventCountry "HUN"]
[WhiteTeam "Fiji"]
[BlackTeam "Japan"]
[WhiteTeamCountry "FIJ"]
[BlackTeamCountry "JPN"]
[TimeControl "40/5400+30:1800+30"]

1. d4 Nf6 2. Nc3 g6 3. Nf3 Bg7 4. Bf4 Nh5 5. g3 Nxf4 6. gxf4 b6 7. Bg2 Bb7 8. e4 d6 9. Qd2 Nd7 10. O-O O-O 11. e5 e6 12. Rad1 d5 13. b3 Rc8 14. a4 c5 15. Nb5 Ba6 16. Rfe1 Bxb5 17. axb5 c4 18. Qb4 cxb3 19. Qxb3 Qc7 20. Rd2 Qc4 21. Qxc4 Rxc4 22. Rb1 Rfc8 23. Ne1 Bh6 24. Rd3 Bxf4 25. Ra3 R8c7 26. Rba1 Bd2 27. Nf3 Ba5 28. R1a2 Rxc2 29. Rxc2 Rxc2 30. Ra1 Kg7 31. Bh3 h6 32. Ne1 Bxe1 33. Rxe1 Rb2 34. Bf1 Rb4 35. Rd1 f6 36. Rc1 Kf8 37. Rc8+ Ke7 38. Rc7 Kd8 39. Rxa7 fxe5 40. dxe5 Nxe5 41. Rh7 h5 42. h3 Rf4 43. Be2 Rf7 44. Rxf7 Nxf7 45. Kg2 Ke7 46. h4 e5 47. Kf3 g5 48. Kg3 g4 49. f3 Nh6 50. fxg4 Nxg4 51. Kf3 Kf6 52. Bd1 Kf5 53. Ke2 Kf4 54. Kd2 Kg3 55. Kd3 Kxh4 56. Bb3 Nf6 57. Ke3 Kg3 58. Ke2 Kg2 59. Bc2 h4 60. Bf5 h3 61. Bxh3+ Kxh3 62. Ke3 Kg3 63. Kd3 Kf2 64. Kd2 e4 65. Kc3 e3 66. Kd4 e2 67. Ke5 e1=Q+ 68. Kxf6 d4 {0-} 0-1

[Event "45th FIDE Womens Olympiad 2024"]
[Site "Budapest"]
[Date "2024.09.19"]
[Round "8.217"]
[White "Morales Santos, Natasha"]
[Black "Bouzana, Christina"]
[Result "1-0"]
[ECO "E36"]
[WhiteElo "1972"]
[BlackElo "1644"]
[PlyCount "65"]
[EventDate "2024.09.05"]
[EventType "team-tourn"]
[EventCountry "HUN"]
[WhiteTeam "Puerto Rico"]
[BlackTeam "Cyprus"]
[WhiteTeamCountry "PUR"]
[BlackTeamCountry "CYP"]
[TimeControl "40/5400+30:1800+30"]

1. d4 Nf6 2. c4 e6 3. Nc3 Bb4 4. Qc2 O-O 5. a3 Bxc3+ 6. Qxc3 d5 7. Bg5 Nbd7 8. e3 h6 9. Bh4 Re8 10. Nf3 b6 11. cxd5 exd5 12. Bb5 a6 13. Bc6 Ra7 14. Bxf6 Qxf6 15. Bxd5 Qf5 16. Qb3 Qg6 17. O-O Nf6 18. Ne5 Rxe5 19. dxe5 Nxd5 20. Qxd5 Bb7 21. Qd8+ Kh7 22. f3 c5 23. Qb8 Ra8 24. Qxb7 Re8 25. Qe4 f5 26. Qf4 Qe6 27. Rad1 g5 28. Qg3 b5 29. f4 Rg8 30. Rd6 Qc8 31. Qh3 Rg6 32. Rxg6 Kxg6 33. Ra1 1-0

[Event "45th FIDE Womens Olympiad 2024"]
[Site "Budapest"]
[Date "2024.09.19"]
[Round "8.218"]
[White "Sokolova, Larisa"]
[Black "Rivera Negron, Yanira"]
[Result "1-0"]
[ECO "C06"]
[WhiteElo "1705"]
[BlackElo "1805"]
[PlyCount "87"]
[EventDate "2024.09.05"]
[EventType "team-tourn"]
[EventCountry "HUN"]
[WhiteTeam "Cyprus"]
[BlackTeam "Puerto Rico"]
[WhiteTeamCountry "CYP"]
[BlackTeamCountry "PUR"]
[TimeControl "40/5400+30:1800+30"]

1. e4 e6 2. d4 d5 3. Nd2 Nf6 4. e5 Nfd7 5. Bd3 c5 6. c3 Nc6 7. Ne2 cxd4 8. cxd4 f6 9. exf6 Nxf6 10. O-O Bd6 11. Nf3 Qc7 12. h3 O-O 13. a3 g6 14. Bh6 Rd8 15. Rc1 Bd7 16. b4 a6 17. Qc2 Be8 18. Qd2 Nh5 19. Rfe1 Qd7 20. Nc3 b5 21. Bb1 Rac8 22. Bg5 Be7 23. Ba2 Bf7 24. Bxe7 Nxe7 25. Ne5 Qd6 26. Ne2 Nc6 27. f4 Nxe5 28. fxe5 Qd7 29. Rc5 Rxc5 30. bxc5 Qc7 31. Rb1 Be8 32. g4 Ng7 33. Nc3 Bc6 34. Qc2 Rb8 35. Kg2 a5 36. Bb3 Kf7 37. Qf2+ Kg8 38. Na2 h5 39. Bc2 g5 40. Qf6 Qd8 41. Qg6 Be8 42. Qh7+ Kf8 43. Rf1+ Bf7 44. Bg6 1-0

[Event "45th FIDE Womens Olympiad 2024"]
[Site "Budapest"]
[Date "2024.09.19"]
[Round "8.219"]
[White "Vega Jimenez, Keyshla M."]
[Black "Paunescu, Aida"]
[Result "1/2-1/2"]
[ECO "B13"]
[WhiteElo "1769"]
[BlackElo "1603"]
[PlyCount "137"]
[EventDate "2024.09.05"]
[EventType "team-tourn"]
[EventCountry "HUN"]
[WhiteTeam "Puerto Rico"]
[BlackTeam "Cyprus"]
[WhiteTeamCountry "PUR"]
[BlackTeamCountry "CYP"]
[TimeControl "40/5400+30:1800+30"]

1. e4 c6 2. d4 d5 3. exd5 cxd5 4. Bd3 Nc6 5. c3 Nf6 6. Bf4 Bg4 7. Qb3 Qd7 8. Nd2 e6 9. Ngf3 Bd6 10. Be5 Bxf3 11. Nxf3 Bxe5 12. Nxe5 Qc7 13. Nf3 O-O 14. O-O Rfe8 15. Rae1 a6 16. h3 Na5 17. Qc2 h6 18. Ne5 Rec8 19. f4 b5 20. Qe2 Nc4 21. Rf2 Rf8 22. a3 Rae8 23. a4 Nd7 24. axb5 axb5 25. Nxd7 Qxd7 26. Ra1 Ra8 27. Rff1 Qb7 28. f5 exf5 29. Rxa8 Qxa8 30. Bxf5 Re8 31. Qf2 Ne3 32. Re1 Nxf5 33. Rxe8+ Qxe8 34. Qxf5 Qe6 35. Qe5 Qxe5 36. dxe5 f6 37. exf6 gxf6 38. Kf2 Kf7 39. Ke3 Ke6 40. Kd4 Kd6 41. g4 Kc6 42. b3 Kd6 43. b4 Kc6 44. Ke3 Kd6 45. Kf4 Ke6 46. h4 d4 47. cxd4 Kd5 48. Ke3 Kc4 49. Ke4 Kxb4 50. Kd3 Ka3 51. d5 b4 52. d6 b3 53. d7 b2 54. d8=Q b1=Q+ 55. Kd2 Qb4+ 56. Ke3 Qxg4 57. Qd3+ Kb4 58. Qd4+ Qxd4+ 59. Kxd4 Kb5 60. Kd5 f5 61. Ke5 Kc5 62. Kxf5 Kd5 63. Kg6 Ke6 64. Kxh6 Kf6 65. h5 Kf7 66. Kh7 Kf8 67. Kh8 Kf7 68. h6 Kf8 69. h7 1/2-1/2

[Event "45th FIDE Womens Olympiad 2024"]
[Site "Budapest"]
[Date "2024.09.19"]
[Round "8.220"]
[White "Pica, Eleni"]
[Black "Alvarado Perez, Coralys M."]
[Result "1-0"]
[ECO "D06"]
[WhiteElo "1609"]
[BlackElo "1694"]
[PlyCount "47"]
[EventDate "2024.09.05"]
[EventType "team-tourn"]
[EventCountry "HUN"]
[WhiteTeam "Cyprus"]
[BlackTeam "Puerto Rico"]
[WhiteTeamCountry "CYP"]
[BlackTeamCountry "PUR"]
[TimeControl "40/5400+30:1800+30"]

1. d4 d5 2. c4 e6 3. Nc3 Nf6 4. cxd5 Nxd5 5. e4 Nf6 6. Bg5 Be7 7. Nf3 h6 8. Bh4 O-O 9. Bd3 b6 10. O-O Bb7 11. e5 Nd5 12. Bxe7 Qxe7 13. Rc1 Nd7 14. Bb1 c5 15. dxc5 Nxc5 16. Qc2 g6 17. Qd2 Kh7 18. Nxd5 Bxd5 19. Nd4 a6 20. Rc3 Qb7 21. Rh3 f5 22. exf6 Rxf6 23. Qxh6+ Kg8 24. Qh8+ 1-0

[Event "45th FIDE Womens Olympiad 2024"]
[Site "Budapest"]
[Date "2024.09.19"]
[Round "8.221"]
[White "Lieketseng, Ngatane"]
[Black "Sawan, Eman"]
[Result "0-1"]
[ECO "B87"]
[WhiteElo "1651"]
[BlackElo "1972"]
[PlyCount "70"]
[EventDate "2024.09.05"]
[EventType "team-tourn"]
[EventCountry "HUN"]
[WhiteTeam "Lesotho"]
[BlackTeam "Palestine"]
[WhiteTeamCountry "LES"]
[BlackTeamCountry "PLE"]
[TimeControl "40/5400+30:1800+30"]

1. e4 c5 2. Nf3 d6 3. d4 cxd4 4. Nxd4 Nf6 5. Nc3 a6 6. Bc4 e6 7. Bb3 b5 8. a3 Be7 9. O-O O-O 10. f4 Qc7 11. f5 e5 12. Nf3 Bb7 13. Qd3 Nbd7 14. Be3 Nc5 15. Bxc5 dxc5 16. Qe2 c4 17. Ba2 Bc5+ 18. Kh1 Bd4 19. Nd2 Qc6 20. Rae1 Bxc3 21. bxc3 Rad8 22. Rf2 Nxe4 23. Nxe4 Qxe4 24. Qxe4 Bxe4 25. Kg1 Bc6 26. Rxe5 Rd1+ 27. Rf1 Rfd8 28. Rfe1 R8d2 29. Rxd1 Rxd1+ 30. Kf2 Ra1 31. Rc5 Be8 32. Bxc4 bxc4 33. Rxc4 Rxa3 34. Rc8 Kf8 35. Ke3 Ke7 {0-} 0-1

[Event "45th FIDE Womens Olympiad 2024"]
[Site "Budapest"]
[Date "2024.09.19"]
[Round "8.222"]
[White "Hamouri, Taqwa"]
[Black "Boitumelo Sethabathaba"]
[Result "1-0"]
[ECO "B11"]
[WhiteElo "1845"]
[BlackElo "1571"]
[PlyCount "156"]
[EventDate "2024.09.05"]
[EventType "team-tourn"]
[EventCountry "HUN"]
[WhiteTeam "Palestine"]
[BlackTeam "Lesotho"]
[WhiteTeamCountry "PLE"]
[BlackTeamCountry "LES"]
[TimeControl "40/5400+30:1800+30"]

1. e4 c6 2. Nf3 d5 3. Nc3 dxe4 4. Nxe4 g6 5. Be2 Bg7 6. h3 Bf5 7. Ng3 Bc8 8. d4 Nf6 9. O-O O-O 10. c4 Qc7 11. Bg5 Nbd7 12. Rc1 h6 13. Be3 b6 14. Qd2 Kh7 15. Bf4 Qd8 16. Bd3 Ng8 17. Rfe1 Bb7 18. h4 Ndf6 19. h5 Ng4 20. a3 Bf6 21. Qc2 Bxd4 22. hxg6+ fxg6 23. Bxg6+ Kh8 24. Nxd4 Qxd4 25. Re4 Qg7 26. Bf5 c5 27. Re6 Bc8 28. Rce1 Bxe6 29. Rxe6 N4f6 30. Be5 Qg5 31. Qc3 Rad8 32. f4 Rd1+ 33. Kf2 Qh4 34. Qe3 Rfd8 35. Bc3 R1d7 36. Bc2 Rd4 37. Bxd4 Rxd4 38. Kg1 Qxf4 39. Qxf4 Rxf4 40. Bd3 Rd4 41. Be2 Rd2 42. b4 cxb4 43. axb4 Kg7 44. Kf2 Kf7 45. Rc6 Ng4+ 46. Ke1 Rd4 47. Bf3 N8f6 48. Rc7 Ne5 49. Be2 Rd7 50. Rxd7 Nexd7 51. Kd2 Ke6 52. Kc3 Ke5 53. Bf3 Nh7 54. Ne2 Ng5 55. Bb7 Nf6 56. Kd3 Kd6 57. Bc8 e5 58. Ng3 h5 59. Bb7 Kc7 60. Ba8 a5 61. bxa5 bxa5 62. Nf5 Kb6 63. Kc3 Kc5 64. Ng3 a4 65. Bb7 e4 66. Nf5 Ng4 67. Ng3 Nf6 68. Nf5 a3 69. Kb3 a2 70. Kxa2 Kxc4 71. Kb2 Kd3 72. Ba6+ Kd2 73. Ng3 Ke3 74. Bb7 Kf2 75. Nxh5 e3 76. Nf4 Nfe4 77. Kc2 Nc5 78. Bc6 Nge6 1-0

[Event "45th FIDE Womens Olympiad 2024"]
[Site "Budapest"]
[Date "2024.09.19"]
[Round "8.223"]
[White "Ntsielo, Bonolo"]
[Black "Faqeeh, Yara"]
[Result "0-1"]
[ECO "A04"]
[WhiteElo "1757"]
[BlackElo "1671"]
[PlyCount "126"]
[EventDate "2024.09.05"]
[EventType "team-tourn"]
[EventCountry "HUN"]
[WhiteTeam "Lesotho"]
[BlackTeam "Palestine"]
[WhiteTeamCountry "LES"]
[BlackTeamCountry "PLE"]
[TimeControl "40/5400+30:1800+30"]

1. Nf3 e6 2. d3 d5 3. g3 c5 4. Nbd2 Nc6 5. Bg2 e5 6. e4 d4 7. Nc4 Bd6 8. a4 Nge7 9. O-O O-O 10. Re1 f6 11. Nh4 g5 12. Nf3 Ng6 13. h3 Be6 14. Ncd2 Qd7 15. Kh2 Rf7 16. Rh1 Raf8 17. Kg1 Be7 18. Nc4 h5 19. Ne1 h4 20. g4 Bd8 21. Bd2 Nf4 22. Qf3 b6 23. Qd1 a6 24. b3 b5 25. axb5 axb5 26. Nb2 Be7 27. Kh2 Rc8 28. Bxf4 exf4 29. Rf1 Ne5 30. Qe2 Qc7 31. Kh1 Rff8 32. Ra6 Bf7 33. Nf3 Qb7 34. Rfa1 Ra8 35. Rxa8 Rxa8 36. Rxa8+ Qxa8 37. Nxe5 fxe5 38. Bf1 Qa2 39. Nd1 Bd8 40. Kg2 Kf8 41. f3 Ke7 42. Nf2 Bb6 43. Qd1 Kd6 44. Qc1 Ba5 45. Kg1 Bb4 46. Kg2 Bc3 47. Kg1 Qa1 48. Qxa1 Bxa1 49. Nd1 Bc3 50. Kf2 Bb4 51. Ke2 c4 52. bxc4 bxc4 53. Nf2 c3 54. Kd1 Ba3 55. Be2 Kc5 56. Bf1 Ba2 57. Be2 Bb1 58. Bf1 Kb4 59. Be2 Bb2 60. Bf1 Ka3 61. Be2 Ka2 62. Bf1 Ba3 63. Be2 Kb2 {0-} 0-1

[Event "45th FIDE Womens Olympiad 2024"]
[Site "Budapest"]
[Date "2024.09.19"]
[Round "8.224"]
[White "Natsheh, Wajd"]
[Black "lintle molise"]
[Result "1-0"]
[ECO "B07"]
[WhiteElo "1739"]
[BlackElo "1583"]
[PlyCount "99"]
[EventDate "2024.09.05"]
[EventType "team-tourn"]
[EventCountry "HUN"]
[WhiteTeam "Palestine"]
[BlackTeam "Lesotho"]
[WhiteTeamCountry "PLE"]
[BlackTeamCountry "LES"]
[TimeControl "40/5400+30:1800+30"]

1. d4 Nf6 2. Nc3 d6 3. e4 e5 4. dxe5 dxe5 5. Qxd8+ Kxd8 6. f4 Bd6 7. Nf3 Nbd7 8. Bc4 Ke7 9. Ng5 Rf8 10. Nb5 Bb4+ 11. c3 Ba5 12. Bd3 h6 13. b4 Bb6 14. Nf3 a6 15. Na3 Ng4 16. Rf1 Be3 17. Nc4 Bxf4 18. Bxf4 exf4 19. h3 Ngf6 20. Nd4 g5 21. Nf5+ Kd8 22. Nxh6 b5 23. Na5 Ne5 24. Bc2 Be6 25. O-O-O+ Kc8 26. a3 Nfd7 27. Nf5 Bxf5 28. exf5 Nb6 29. Be4 Rb8 30. f6 c6 31. Nxc6 Nxc6 32. Bxc6 Kc7 33. Bf3 Nc4 34. Rd5 Nxa3 35. Rxg5 Nc4 36. Bd5 Ne3 37. Rxf4 Nxd5 38. Rxd5 Rb6 39. h4 Rg8 40. g4 Re6 41. Kd2 Rge8 42. Rf2 Re3 43. h5 Rg3 44. g5 Ree3 45. g6 fxg6 46. hxg6 Re8 47. g7 Rc8 48. Rc5+ Kd7 49. Rxc8 Kxc8 50. f7 1-0

[Event "45th FIDE Womens Olympiad 2024"]
[Site "Budapest"]
[Date "2024.09.19"]
[Round "8.225"]
[White "Khan, Anastasia"]
[Black "Benson, Maud"]
[Result "1-0"]
[ECO "A45"]
[WhiteElo "1859"]
[BlackElo "1682"]
[PlyCount "103"]
[EventDate "2024.09.05"]
[EventType "team-tourn"]
[EventCountry "HUN"]
[WhiteTeam "South Korea"]
[BlackTeam "Ghana"]
[WhiteTeamCountry "KOR"]
[BlackTeamCountry "GHA"]
[TimeControl "40/5400+30:1800+30"]

1. d4 Nf6 2. Bf4 c5 3. d5 Qb6 4. Nc3 d6 5. e4 g6 6. a4 Qb4 7. f3 Bg7 8. Bd2 Qb6 9. Bd3 Na6 10. Bb5+ Bd7 11. a5 Qd8 12. Bxd7+ Nxd7 13. f4 Qc8 14. Nf3 Nb4 15. O-O O-O 16. Re1 Nf6 17. Bc1 Rd8 18. Nb5 Qd7 19. Na3 b5 20. axb6 axb6 21. c3 Na6 22. Nc4 Qb5 23. Na3 Qd7 24. Qd3 Nc7 25. Be3 b5 26. Bf2 Rdb8 27. Nc2 Ra4 28. b3 Raa8 29. b4 c4 30. Qd2 Ng4 31. Bd4 e5 32. dxe6 fxe6 33. Bxg7 Kxg7 34. Rxa8 Rxa8 35. Qd4+ Kg8 36. h3 Nh6 37. Ne3 Ne8 38. Ne5 Qa7 39. Nf3 Qxd4 40. Nxd4 Nc7 41. Rd1 Nf7 42. f5 gxf5 43. exf5 exf5 44. Nexf5 Ra6 45. Re1 Ra3 46. Re7 Ra1+ 47. Kh2 Ra7 48. Ne6 Ra3 49. Nxc7 Ne5 50. Re8+ Kf7 51. Nxd6+ Kf6 52. Nd5+ 1-0

[Event "45th FIDE Womens Olympiad 2024"]
[Site "Budapest"]
[Date "2024.09.19"]
[Round "8.226"]
[White "Felix, Tobi"]
[Black "Kang, Sohyun"]
[Result "0-1"]
[ECO "D02"]
[WhiteElo "1677"]
[BlackElo "1726"]
[PlyCount "98"]
[EventDate "2024.09.05"]
[EventType "team-tourn"]
[EventCountry "HUN"]
[WhiteTeam "Ghana"]
[BlackTeam "South Korea"]
[WhiteTeamCountry "GHA"]
[BlackTeamCountry "KOR"]
[TimeControl "40/5400+30:1800+30"]

1. d4 d5 2. Bf4 e6 3. e3 Bd6 4. Bxd6 Qxd6 5. c3 Nf6 6. Nf3 Nbd7 7. Nbd2 O-O 8. Be2 c5 9. O-O e5 10. dxe5 Nxe5 11. Nxe5 Qxe5 12. Nf3 Qe7 13. Qc2 b6 14. Rfd1 Bb7 15. Qf5 a6 16. Bd3 Bc8 17. Qg5 Re8 18. c4 h6 19. Qh4 dxc4 20. Bxc4 Bb7 21. Qf4 b5 22. Be2 Nd5 23. Qg3 Nxe3 24. fxe3 Qxe3+ 25. Qf2 Qxe2 26. Rd2 Qxf2+ 27. Kxf2 Rad8 28. Rad1 Rxd2+ 29. Rxd2 Bxf3 30. Kxf3 Re6 31. Rd5 Rc6 32. Ke4 Kf8 33. Re5 f6 34. Rd5 Ke7 35. Kf5 c4 36. Kg6 b4 37. Kxg7 c3 38. bxc3 bxc3 39. Rd1 c2 40. Rc1 f5 41. h3 f4 42. h4 h5 43. a3 a5 44. a4 Ke8 45. Re1+ Kd7 46. Rc1 Ke7 47. Kh8 Kf6 48. Kg8 Rc7 49. Kh8 Ke5 {0-} 0-1

[Event "45th FIDE Womens Olympiad 2024"]
[Site "Budapest"]
[Date "2024.09.19"]
[Round "8.227"]
[White "Cho, Yeonhee"]
[Black "Dotse Dzidzor Esi"]
[Result "1-0"]
[ECO "B13"]
[WhiteElo "1696"]
[BlackElo "1530"]
[PlyCount "71"]
[EventDate "2024.09.05"]
[EventType "team-tourn"]
[EventCountry "HUN"]
[WhiteTeam "South Korea"]
[BlackTeam "Ghana"]
[WhiteTeamCountry "KOR"]
[BlackTeamCountry "GHA"]
[TimeControl "40/5400+30:1800+30"]

1. e4 c6 2. d4 d5 3. exd5 cxd5 4. Bd3 Nc6 5. c3 Nf6 6. Bf4 Qb6 7. b4 a5 8. b5 Nxd4 9. Be3 e5 10. cxd4 Bb4+ 11. Nd2 exd4 12. Bf4 O-O 13. Ne2 Ne4 14. O-O Nc3 15. Qc2 Bf5 16. Nxc3 Bxd3 17. Qxd3 dxc3 18. Nf3 Rad8 19. a3 Be7 20. Qxc3 Bf6 21. Be5 Bxe5 22. Nxe5 Qxb5 23. Rab1 Qa6 24. Rfd1 Rfe8 25. Qc7 Qe6 26. f4 Qf5 27. Rxb7 Rc8 28. Qxf7+ Qxf7 29. Nxf7 Re2 30. Ne5 Rd8 31. Rb5 d4 32. Rxa5 d3 33. Rxd3 Re1+ 34. Kf2 Rd1 35. Rxd1 Rxd1 36. Ra8+ 1-0

[Event "45th FIDE Womens Olympiad 2024"]
[Site "Budapest"]
[Date "2024.09.19"]
[Round "8.228"]
[White "Hephzibah Awura-Ama Manubea Ta"]
[Black "Kim, Sarang"]
[Result "0-1"]
[ECO "D02"]
[WhiteElo "1516"]
[BlackElo "1732"]
[PlyCount "58"]
[EventDate "2024.09.05"]
[EventType "team-tourn"]
[EventCountry "HUN"]
[WhiteTeam "Ghana"]
[BlackTeam "South Korea"]
[WhiteTeamCountry "GHA"]
[BlackTeamCountry "KOR"]
[TimeControl "40/5400+30:1800+30"]

1. d4 d5 2. e3 c6 3. Nf3 e6 4. Be2 f5 5. O-O Nf6 6. Nbd2 Bd6 7. b3 O-O 8. Bb2 Nbd7 9. c4 a6 10. Rc1 Ne4 11. Nxe4 fxe4 12. Ne5 Qg5 13. Nxd7 Bxd7 14. g3 Bc7 15. Bg4 Rf6 16. cxd5 h5 17. dxc6 bxc6 18. Bxh5 Rh6 19. Rc5 e5 20. Be2 Rh3 21. Kg2 Bd6 22. Ra5 Qh6 23. Rh1 Rf8 24. dxe5 Rxh2+ 25. Rxh2 Rxf2+ 26. Kxf2 Qxh2+ 27. Ke1 Bb4+ 28. Qd2 Qg1+ 29. Bf1 Qxe3+ {0-} 0-1

[Event "45th FIDE Womens Olympiad 2024"]
[Site "Budapest"]
[Date "2024.09.19"]
[Round "8.229"]
[White "Ravelomanana, Sabine"]
[Black "Georgina Sackie"]
[Result "0-1"]
[ECO "B11"]
[WhiteElo "1926"]
[BlackElo "1688"]
[PlyCount "56"]
[EventDate "2024.09.05"]
[EventType "team-tourn"]
[EventCountry "HUN"]
[WhiteTeam "Madagascar"]
[BlackTeam "Liberia"]
[WhiteTeamCountry "MAD"]
[BlackTeamCountry "LBR"]
[TimeControl "40/5400+30:1800+30"]

1. e4 c6 2. Nc3 d5 3. Nf3 dxe4 4. Nxe4 Bf5 5. Ng3 Bg6 6. h4 h6 7. Ne5 Bh7 8. Qh5 g6 9. Qf3 Nf6 10. Qb3 Qc7 11. Qxf7+ Kd8 12. Nxg6 Nbd7 13. Nxf8 Rxf8 14. Qb3 Ng4 15. Ne2 Nxf2 16. Rg1 Nc5 17. Qc3 Bxc2 18. Qd4+ Kc8 19. Nc3 Nfd3+ 20. Bxd3 Nxd3+ 21. Ke2 Rf2+ 22. Qxf2 Nxf2 23. Kxf2 Qf4+ 24. Ke2 Qe5+ 25. Kf3 Kc7 26. g3 Rf8+ 27. Kg2 Be4+ 28. Nxe4 Qxe4+ {0-} 0-1

[Event "45th FIDE Womens Olympiad 2024"]
[Site "Budapest"]
[Date "2024.09.19"]
[Round "8.230"]
[White "Meleh M. Davis"]
[Black "Raharimanana, Faratiana"]
[Result "0-1"]
[ECO "D36"]
[WhiteElo "1602"]
[BlackElo "1815"]
[PlyCount "120"]
[EventDate "2024.09.05"]
[EventType "team-tourn"]
[EventCountry "HUN"]
[WhiteTeam "Liberia"]
[BlackTeam "Madagascar"]
[WhiteTeamCountry "LBR"]
[BlackTeamCountry "MAD"]
[TimeControl "40/5400+30:1800+30"]

1. d4 d5 2. c4 e6 3. Nc3 Nf6 4. cxd5 exd5 5. Bg5 c6 6. e3 Be7 7. Bd3 O-O 8. Qc2 h6 9. Bh4 Nbd7 10. Nf3 Re8 11. O-O Nf8 12. Rab1 Be6 13. b4 a6 14. a4 N6d7 15. Bxe7 Qxe7 16. b5 axb5 17. axb5 c5 18. dxc5 Nxc5 19. Bf5 Rec8 20. Bxe6 fxe6 21. Qd2 Ra3 22. Rfc1 Nb3 23. Nxd5 Rxc1+ 24. Rxc1 exd5 25. Qxd5+ Qf7 26. Qxf7+ Kxf7 27. Rc7+ Kf6 28. g3 Na5 29. Nd4 g6 30. Kg2 Ne6 31. Nxe6 Kxe6 32. Rh7 h5 33. Kf3 Rb3 34. Rh6 Kf6 35. Rh8 Rxb5 36. h4 Nc4 37. Ke4 Nd6+ 38. Kd4 Nf5+ 39. Ke4 Rb2 40. Kf3 b5 41. Rb8 b4 42. g4 hxg4+ 43. Kxg4 Rxf2 44. Rxb4 Nxe3+ 45. Kg3 Rf5 46. Rb6+ Kg7 47. Rb7+ Kh6 48. Rb8 Nd5 49. Kg4 Nf6+ 50. Kg3 Nh5+ 51. Kg4 Rf4+ 52. Kh3 Rf3+ 53. Kg2 Rd3 54. Rb4 Ng7 55. Kf2 Nf5 56. Rg4 Rd4 57. Kf3 Nxh4+ 58. Kg3 Rxg4+ 59. Kxg4 Nf5 60. Kf4 Kh5 {0-} 0-1

[Event "45th FIDE Womens Olympiad 2024"]
[Site "Budapest"]
[Date "2024.09.19"]
[Round "8.231"]
[White "Randriatsiferana, Dimbiharentsoa Chris"]
[Black "Abigail Karyah"]
[Result "1-0"]
[ECO "B11"]
[WhiteElo "1736"]
[BlackElo "1790"]
[PlyCount "145"]
[EventDate "2024.09.05"]
[EventType "team-tourn"]
[EventCountry "HUN"]
[WhiteTeam "Madagascar"]
[BlackTeam "Liberia"]
[WhiteTeamCountry "MAD"]
[BlackTeamCountry "LBR"]
[TimeControl "40/5400+30:1800+30"]

1. e4 c6 2. Nc3 d5 3. Nf3 Bg4 4. h3 Bh5 5. g4 Bg6 6. d4 Bxe4 7. Nxe4 dxe4 8. Ng5 Nf6 9. Bg2 Qd5 10. O-O e6 11. Re1 Nbd7 12. Nxe4 Nxe4 13. Rxe4 Qd6 14. Bf4 Qe7 15. c4 g5 16. Bg3 Nf6 17. Re5 Qd7 18. d5 cxd5 19. cxd5 Bd6 20. dxe6 fxe6 21. Rxg5 Bxg3 22. Qxd7+ Nxd7 23. fxg3 O-O-O 24. Ra5 a6 25. Re1 Rde8 26. Ra3 Re7 27. Rb3 Nf6 28. Rf1 Ne8 29. Re3 Nd6 30. Rd1 Nf7 31. Bd5 Rhe8 32. Rde1 Nd8 33. Bb3 Kc7 34. g5 e5 35. Re4 Nc6 36. Kg2 Nd4 37. Bd1 Kd6 38. Rh4 Rg8 39. Rh6+ Kd5 40. h4 Rf8 41. Bh5 Rc8 42. Bd1 Rf8 43. Rf6 Rg8 44. g4 Rgg7 45. Bb3+ Nxb3 46. axb3 Rc7 47. Re2 Rc1 48. Rf5 Re7 49. h5 Rc6 50. Kf3 Rb6 51. Re3 Kd4 52. Rf6 Rb5 53. Rf8 Rd5 54. Rc8 e4+ 55. Rxe4+ Rxe4 56. Rc4+ Kd3 57. Rxe4 Rxg5 58. Rc4 Rg7 59. Kf4 h6 60. Rc5 Kd4 61. Rf5 Kd3 62. Rf6 Rh7 63. Kf5 Rh8 64. Rb6 Kc2 65. Rxb7 Kxb2 66. Ra7 Kxb3 67. Rxa6 Kc4 68. g5 hxg5 69. Kxg5 Kd5 70. h6 Ke5 71. Ra7 Ke6 72. Kg6 Rg8+ 73. Rg7 1-0

[Event "45th FIDE Womens Olympiad 2024"]
[Site "Budapest"]
[Date "2024.09.19"]
[Round "8.232"]
[White "Princess K. Banney"]
[Black "Tsinjoviniavo, Aina Mahasambatra"]
[Result "0-1"]
[ECO "D53"]
[WhiteElo "1447"]
[BlackElo "1662"]
[PlyCount "66"]
[EventDate "2024.09.05"]
[EventType "team-tourn"]
[EventCountry "HUN"]
[WhiteTeam "Liberia"]
[BlackTeam "Madagascar"]
[WhiteTeamCountry "LBR"]
[BlackTeamCountry "MAD"]
[TimeControl "40/5400+30:1800+30"]

1. d4 d5 2. c4 e6 3. Nc3 Nf6 4. cxd5 exd5 5. Bg5 Be7 6. e3 O-O 7. Bd3 h6 8. Bxf6 Bxf6 9. Qc2 Nc6 10. a3 Re8 11. Nge2 Bg5 12. O-O Bg4 13. b4 Qd7 14. Rac1 Ne7 15. Ng3 Bh4 16. Nce2 c6 17. a4 a6 18. Rb1 Rec8 19. Qd2 b6 20. Rfc1 c5 21. bxc5 bxc5 22. dxc5 Qxa4 23. Ra1 Qc6 24. Nd4 Qf6 25. Nf1 Nc6 26. Qb2 Rcb8 27. Qd2 Nb4 28. g3 Nxd3 29. Qxd3 Bh3 30. gxh4 Rb2 31. Nc2 Qf3 32. Ne1 Qxf2+ 33. Kh1 Bg2+ {0-} 0-1

[Event "45th FIDE Womens Olympiad 2024"]
[Site "Budapest"]
[Date "2024.09.19"]
[Round "8.233"]
[White "Jop A., Laura Elizabeth"]
[Black "Jacobs, Annelaine"]
[Result "0-1"]
[ECO "E76"]
[WhiteElo "1686"]
[BlackElo "1763"]
[PlyCount "84"]
[EventDate "2024.09.05"]
[EventType "team-tourn"]
[EventCountry "HUN"]
[WhiteTeam "Guatemala"]
[BlackTeam "Aruba"]
[WhiteTeamCountry "GUA"]
[BlackTeamCountry "ARN"]
[TimeControl "40/5400+30:1800+30"]

1. c4 Nf6 2. d4 g6 3. Nc3 Bg7 4. e4 d6 5. f4 O-O 6. Nf3 c6 7. e5 Ne8 8. Bd3 Qc7 9. O-O e6 10. Be3 f6 11. exd6 Nxd6 12. d5 exd5 13. cxd5 Kh8 14. Rc1 Qf7 15. dxc6 Nxc6 16. Bxg6 hxg6 17. Qxd6 Rd8 18. Qc5 Be6 19. b3 Rac8 20. Qb5 a6 21. Qe2 Bf8 22. Qf2 Ba3 23. Rcd1 Kg7 24. Ne2 Ne7 25. Rxd8 Rxd8 26. Ned4 Nd5 27. Bd2 Bg4 28. Re1 Re8 29. Rxe8 Qxe8 30. h3 Bd7 31. Kh2 Bd6 32. g3 Qc8 33. Qg2 Nb4 34. a4 Nc2 35. Nxc2 Qxc2 36. Nd4 Qd3 37. Qf2 Bc5 38. Be3 Bxd4 39. Bxd4 Qxb3 40. a5 Bc6 41. Qe2 Qd5 42. Qe7+ Kg8 {0-} 0-1